 Dungeon Crawl Stone Soup version bcrawl-1.23.3-19-gdc5968f444 (webtiles) character file.

Game seed: 7157033934303765906

200 Freyura the Distorting Demonspawn (level 5, -1/41 HPs)
             Began as a Demonspawn Abyssal Knight on June 7, 2020.
             Was a Believer of Lugonu.
             Slain by a gnoll
             ... wielding a +0 halberd
              (10 damage)
             ... on level 3 of the Dungeon.
             The game lasted 00:07:15 (2513 turns).

Freyura the Distorting Demonspawn (DsAK)            Turns: 2513, Time: 00:07:15

Health: -1/41      AC:  6    Str: 13    XL:     5   Next: 48%
Magic:  0/7        EV: 11    Int: 13    God:    Lugonu [**....]
Gold:   259        SH:  0    Dex: 13    Spells: 4/4 levels left

rFire    . . .     SeeInvis .   j - +0 morningstar
rCold    . . .     Gourm    .   (no shield)
rNeg     . . .     Faith    .   q - +1 ring mail
rPois    .         Spirit   +   (helmet restricted)
rElec    +         Reflect  .   (no cloak)
rCorr    .         Harm     .   (no gloves)
MR       .....                  (no boots)
Stlth    +.........             i - amulet of regeneration
HPRegen  0.13/turn              g - ring of insulation
MPRegen  0.10/turn              (no ring)

@: no status effects
A: horns 1, magic shield
a: Depart the Abyss, Bend Space, Banish, Renounce Religion


You were on level 3 of the Dungeon.
You worshipped Lugonu.
Lugonu was pleased with you.
You were hungry.

You visited 1 branch of the dungeon, and saw 3 of its levels.
You visited the Abyss 1 time.

You collected 259 gold pieces.

Inventory:

Hand Weapons
 a - a +2 mace
 j - a +0 morningstar (weapon)
Missiles
 c - 10 tomahawks of dispersal (quivered)
 d - 647 stones
Armour
 b - a +0 leather armour
 q - a +1 ring mail (worn)
Jewellery
 g - a ring of insulation (left hand)
 i - an amulet of regeneration (around neck)
Scrolls
 l - 3 scrolls of teleportation
 p - a scroll of amnesia
Potions
 k - 2 potions of curing
 r - a potion of agility {unknown}
 s - a potion of might {unknown}
 t - 2 potions of degeneration {unknown}
Comestibles
 e - 6 rations {!d}
 h - 5 chunks of flesh


   Skills:
 + Level 3.6 Fighting
 * Level 3.3 Maces & Flails
 - Level 0.8 Throwing
 + Level 2.5 Armour
 + Level 2.1 Dodging
 + Level 3.9 Invocations


You had 4 spell levels left.
You didn't know any spells.
Your spell library was empty.

Dungeon Overview and Level Annotations

Branches:
Dungeon (3/12)

Altars:
Cheibriados
Makhleb
Xom
Yredelemnul


Innate Abilities, Weirdness & Mutations

You have a pair of small horns on your head.
When hurt, damage is shared between your health and your magic reserves.


Message History

The gnoll hits you from afar with a +0 halberd.
The gnoll hits you from afar with a +0 halberd!
The gnoll closely misses you.
The gnoll hits you from afar with a +0 halberd!
* * * LOW HITPOINT WARNING * * *
The gnoll barely misses you. The gnoll closely misses you.
You closely miss the gnoll. The gnoll closely misses you. x2
You feel much better.
You are feeling hungry.
The gnoll hits you from afar with a +0 halberd.
The gnoll hits you from afar with a +0 spear.
The gnoll hits you with a +0 halberd!
You closely miss the gnoll. The gnoll barely misses you. x2
The gnoll hits you with a +0 halberd!
* * * LOW HITPOINT WARNING * * *
The gnoll hits you but does no damage.
You barely miss the gnoll.
The gnoll hits you from afar with a +0 halberd!
You die...

..............................#
...#..........................###
...#................<............
...#..........................###
.......#########..###############
####...# #..#.............. #...#
#..#..#...#...#... #...#
#..#_............. .^.>#
#@.#..#...#...#...
########g.#..............
#.......gg###############
#............)))รท.....#
#..........############
########.### #..#
########.########
.................


You could see 3 gnolls.

Vanquished Creatures
  A hound (D:3)
  A worker ant (D:3)
  2 adders (D:3)
  5 gnolls (D:3)
  2 worms
  4 dart slugs
  4 leopard geckos
  An orc (D:2)
  A giant cockroach (D:2)
  7 goblins
  3 hobgoblins
  6 jackals
  3 quokkas
  3 bats
  3 frilled lizards
  2 gnoll zombies (D:2)
  13 kobolds
  5 rats
66 creatures vanquished.

Notes
Turn   | Place    | Note
-------+----------+-------------------------------------------
     0 | Abyss:1  | Freyura the Demonspawn Abyssal Knight began the quest for
                  | the Orb.
     0 | Abyss:1  | Reached XP level 1. HP: 18/18 MP: 2/2
    29 | Abyss:1  | Noticed a flying skull
    30 | D:1      | Escaped the Abyss
    80 | D:1      | Reached skill level 1 in Dodging
   248 | D:1      | Gained mutation: You have a pair of small horns on your
                  | head. [demonic ancestry]
   248 | D:1      | Reached XP level 2. HP: 24/24 MP: 4/4
   262 | D:1      | Reached * piety under Lugonu
   885 | D:2      | Gained mutation: When hurt, damage is shared between your
                  | health and your magic reserves. [demonic ancestry]
   885 | D:2      | Reached XP level 3. HP: 28/29 MP: 5/5
  1014 | D:2      | Found a basalt altar of Yredelemnul.
  1341 | D:2      | Found a snail-covered altar of Cheibriados.
  1548 | D:2      | Found a shimmering altar of Xom.
  1821 | D:3      | Reached XP level 4. HP: 30/35 MP: 3/6
  1987 | D:3      | Reached XP level 5. HP: 29/41 MP: 7/7
  2123 | D:3      | Reached ** piety under Lugonu
  2254 | D:3      | Found a burning altar of Makhleb.
  2400 | D:3      | HP: 1/41 [gnoll/+0 halberd (8)]
  2513 | D:3      | Slain by a gnoll

Skill      XL: |  1  2  3  4 |
---------------+-------------+-----
Maces & Flails | 2 3 |  3.3
Dodging        | 1 2 |  2.1
Invocations    | 3 |  3.9
Armour         | 2 |  2.5
Fighting       | |  3.6
Throwing       | |  0.8

Action                   |  1- 3 |  4- 6 || total
-------------------------+-------+-------++-------
Melee: Mace              |   165 |    29 ||   194
       Headbutt          |    17 |     6 ||    23
       Morningstar       |       |    34 ||    34
Invok: Depart the Abyss  |     1 |       ||     1
  Use: Scroll            |    10 |     1 ||    11
       Potion            |       |     1 ||     1
  Eat: Chunk             |     3 |     2 ||     5
Armor: Leather armour    |    13 |       ||    13
       Ring mail         |    65 |    25 ||    90
Dodge: Dodged            |   118 |    57 ||   175
